 Dungeon Crawl Stone Soup version 0.31-a0-202-g547052bce9 (webtiles) character file.

Game seed: 2987918115804212153

493 graceasaur the Cudgeller (level 6, -13/61 HPs)
             Began as a Troll Gladiator on June 26, 2023.
             Was an Initiate of Yredelemnul.
             Mangled by a two-headed ogre
             ... wielding a +0 giant club
              (17 damage)
             ... on level 5 of the Dungeon.
             The game lasted 00:21:34 (1320 turns).

graceasaur the Cudgeller (Troll Gladiator)          Turns: 1320, Time: 00:21:38

Health: -13/61     AC:  4    Str: 25    XL:     6   Next: 92%
Magic:  5/5        EV: 10    Int:  4    God:    Yredelemnul [......]
Gold:   70         SH:  0    Dex: 11    Spells: 5/5 levels left

rFire   + . .        w - +8 hand axe "Coamny" {heavy, Will+}
rCold   x . .        (no shield)
rNeg    . . .        b - +0 robe
rPois   .            c - +0 hat
rElec   .            (no cloak)
rCorr   .            (gloves unavailable)
SInv    .            (boots unavailable)
Will    +....        (no amulet)
Stlth   +            s - ring of flight
HPRegen 1.10/turn    j - ring of fire
MPRegen 0.09/turn

%: no passive effects
@: flying
A: large, unfitting armour, claws 3, regeneration 1, shaggy fur 1, tough skin 1
a: Renounce Religion, Recall Undead Harvest


You were on level 5 of the Dungeon.
You worshipped Yredelemnul.
Yredelemnul was noncommittal.
You visited 1 branch of the dungeon, and saw 5 of its levels.

You collected 70 gold pieces.

Inventory:

Hand Weapons
 a - a +0 flail
 h - a +0 club
 w - the +8 hand axe "Coamny" (weapon) {heavy, Will+}
   (You found it on level 4 of the Dungeon)

   Will:      It increases your willpower.
 x - a +1 dagger of venom
Missiles
 d - 3 throwing nets (quivered)
 g - 5 atropa-tipped darts
 m - 9 poisoned darts
 p - 12 boomerangs
Armour
 b - a +0 robe (worn)
 c - a +0 hat (worn)
Jewellery
 j - a ring of fire (right claw)
 s - a ring of flight (left claw)
Scrolls
 i - a scroll of silence
 k - a scroll of amnesia {unknown}
 n - a scroll of immolation {unknown}
 q - a scroll of poison {unknown}
 r - a scroll of fog {unknown}
Potions
 l - a potion of attraction {unknown}
 o - 2 potions of curing {unknown}
 t - 3 potions of lignification {unknown}
 u - a potion of heal wounds {unknown}


   Skills:
 + Level 3.1 Fighting
 + Level 5.6 Maces & Flails
 + Level 2.0 Throwing
 + Level 3.6 Dodging
 + Level 0.1 Stealth


You had 5 spell levels left.
You didn't know any spells.
Your spell library contained the following spells:

 Spells                   Type           Power      Damage    Failure   Level
 Shock                    Conj/Air       0%         1d3       50%         1
 Cause Fear               Hex            0%         N/A       99%         4
 Flame Wave               Conj/Fire      0%         2d4       99%         4
 Silence                  Hex/Air        0%         N/A       100%        5


Dungeon Overview and Level Annotations

Branches:
Dungeon (5/15)
 Temple: D:4-7

Altars:
Fedhas
Vehumet
Yredelemnul
The Shining One


Innate Abilities, Weirdness & Mutations

You are too large for most types of armour.
You have claws for hands.
Your natural rate of healing is unusually fast.
You are covered in fur. (AC +1)
You have tough skin. (AC +1)


Message History

You kill the centaur!
The dead are walking!
The hound bites your centaur zombie. x2
You slash the two-headed ogre!
The two-headed ogre is lightly wounded.
Your centaur zombie hits the hound.
Your centaur zombie barely misses the hound.
The hound bites your centaur zombie.
Your centaur zombie barely misses the hound.
Your centaur zombie misses the hound.
You hit the two-headed ogre.
The two-headed ogre is moderately wounded.
You slash the orc!
You kill the orc!
Your centaur zombie hits the iguana but does no damage.
Your centaur zombie kicks the iguana but does no damage.
The iguana bites your centaur zombie. The two-headed ogre closely misses you.
The two-headed ogre hits you with a +0 giant spiked club!
The hound bites you.
Your centaur zombie hits the iguana but does no damage.
Your centaur zombie kicks the iguana.
You hear a shout!
You are too injured to fight recklessly!
You are too injured to fight recklessly!
The hound attacks as you move away! The hound bites you but does no damage.
You hear an angry hiss.
You hear a shout!
The two-headed ogre misses you.
The two-headed ogre hits you with a +0 giant spiked club!
* * * LOW HITPOINT WARNING * * *
Something bites your centaur zombie!
Your centaur zombie hits the gargoyle but does no damage.
Your centaur zombie kicks the gargoyle but does no damage.
You hit the two-headed ogre.
The two-headed ogre is moderately wounded.
Your centaur zombie hits the gargoyle but does no damage.
Your centaur zombie kicks the gargoyle but does no damage.
The two-headed ogre hits you with a +0 giant club!
* * * LOW HITPOINT WARNING * * *
The two-headed ogre hits you with a +0 giant spiked club!
You die...
Your body rises from the dead as a mindless zombie.

########.........####
.............<.......
#########.######.....
.c........##### ####
..######..#)..
###..ZZ#.#
.......l9h#
...#...#.#O#
..#...#..#@#
#...#?..#.#
.o#l..#..#.#
..9#O..#.#.#
O.......#.# ..
#.....# #.# ..# ###


You could see a two-headed ogre (ally target), a gargoyle, a hound and a
friendly centaur zombie.

Vanquished Creatures
  A centaur (D:5)
  An ogre (D:4)
  A scorpion (D:4)
  A howler monkey (D:4)
  A hound (D:4)
  An iguana (D:4)
  3 orc wizards
  2 adders (D:4)
  A dart slug (D:1)
  6 orcs
  A bat (D:2)
  3 endoplasms
  A giant cockroach (D:1)
  3 goblins
  6 hobgoblins
  7 jackals
  A kobold (D:3)
  3 quokkas
  3 ball pythons
  A ball python zombie (D:4)
  A frilled lizard (D:3)
  A rat (D:3)
49 creatures vanquished.

Vanquished Creatures (collateral kills)
  An orc wizard (D:4)
  A dart slug (D:1)
  2 orcs
  A goblin (D:4)
  2 hobgoblins
  A jackal (D:3)
  A ball python (D:1)
  A rat (D:1)
10 creatures vanquished.

Vanquished Creatures (others)
  An iguana zombie (D:4)
  2 adder zombies (D:4)
  An endoplasm zombie (D:3)
  A frilled lizard zombie (D:3)
  A goblin zombie (D:4)
  A hobgoblin zombie (D:3)
  2 jackal zombies
  7 orc zombies
16 creatures vanquished.

Grand Total: 75 creatures vanquished

Notes
Turn   | Place    | Note
-------+----------+-------------------------------------------
     0 | D:1      | graceasaur the Troll Gladiator began the quest for the Orb.
     0 | D:1      | Reached XP level 1. HP: 19/19 MP: 0/0
    91 | D:1      | Found a faded altar of an unknown god.
   107 | D:1      | Prayed at the altar of an unknown god.
   107 | D:1      | Became a worshipper of Yredelemnul the Dark
   107 | D:1      | Reached * piety under Yredelemnul
   185 | D:1      | Reached XP level 2. HP: 23/28 MP: 1/1
   186 | D:1      | Reached skill level 3 in Maces & Flails
   545 | D:2      | Reached XP level 3. HP: 34/35 MP: 2/2
   767 | D:3      | Reached XP level 4. HP: 19/42 MP: 3/3
   805 | D:3      | Found a radiant altar of Vehumet.
   859 | D:4      | Found a blossoming altar of Fedhas.
   861 | D:4      | Noticed a scorpion
   863 | D:4      | Found a glowing golden altar of the Shining One.
   872 | D:4      | Killed a scorpion
   873 | D:4      | Reached skill level 4 in Maces & Flails
   873 | D:4      | Reached XP level 5. HP: 48/49 MP: 4/4
   977 | D:4      | Reached skill level 5 in Maces & Flails
   990 | D:4      | Reached XP level 6. HP: 59/59 MP: 5/5
  1045 | D:4      | Got the Elucidation of Lethal Spellbinding
  1117 | D:4      | Identified the +8 hand axe "Coamny" {heavy, Will+}
  1233 | D:4      | Identified the +0 ring mail of Usoonwoa {rN+}
  1289 | D:5      | Entered Level 5 of the Dungeon
  1301 | D:5      | Noticed a gargoyle
  1302 | D:5      | Noticed a two-headed ogre
  1320 | D:5      | Mangled by a two-headed ogre

Illustrated notes

Levels and vault maps discovered:
D:1:      minmay_arrival_plants_in_alcoves, layout_basic, serial_forest,
          infiniplex_forest_straight_1, infiniplex_forest_straight_4,
          infiniplex_forest_lined_3_way, infiniplex_forest_end_2,
          infiniplex_forest_straight_1, infiniplex_forest_zigzag_1,
          shapermc_ecumenical_altar_flowoftime
D:2:      layout_basic, serial_shops, nicolae_shop_advertising_works
          [nicolae_subvault_shop_adworks], bh_walls_and_bars
D:3:      layout_rooms, mainiacjoe_overflow_six_doors_small
D:4:      layout_cave_pools, mainiacjoe_overflow_alcove_4,
          mainiacjoe_overflow_alcove_2, mainiacjoe_overflow_catch_the_wave,
          nicolae_titane
D:5:      cheibrodos_fzero, layout_loops_ring, minmay_holes,
          kennysheep_small_circle

Skill      XL: |  1  2  3  4  5  6 |
---------------+-------------------+-----
Maces & Flails | 3 4 5 |  5.6
Throwing       | 2 |  2.0
Dodging        | 3 |  3.6
Fighting       | 2 3 |  3.1
Stealth        | |  0.1

Action                     |  1- 3 |  4- 6 || total
---------------------------+-------+-------++-------
  Melee: Flail             |   107 |    63 ||   170
         Punch             |       |     1 ||     1
         Hand axe          |       |    11 ||    11
    Use: Scroll            |       |     1 ||     1
 Armour: Robe              |    36 |    22 ||    58
  Dodge: Dodged            |    64 |    39 ||   103

Table legend: (Time is in decaauts)
 A = Elapsed time spent in this place.
 B = Non-inter-level travel time spent in this place.
 C = Inter-level travel time spent in this place.
 D = Time resting spent in this place.
 E = Time spent auto-exploring this place.
 F = Levels seen in this place.
 G = Mean time per level.
                   A        B        C        D        E       F      G
               +--------+--------+--------+--------+--------+-----+--------+
         Total |   1362 |    763 |    599 |      0 |    258 |   5 |  272.4 |
       Dungeon |   1362 |    763 |    599 |      0 |    258 |   5 |  272.4 |
               +--------+--------+--------+--------+--------+-----+--------+

Top non-repeatable levels by time:
     D:4: 445 daAuts
     D:1: 381 daAuts
     D:3: 264 daAuts
     D:2: 236 daAuts
     D:5: 34 daAuts
